AoeStats
← SimonTheAoENoob

Arena

508448645Analyzed
2v2 RM · 11d ago on Sep 22, 2026· 68m 8s· 4 players
Game mode
Random Map
Map size
Medium (4 player)
Population
200
Speed
Normal
Resources
Standard
Victory
Conquest
Starting age
Dark Age
Ending age
Imperial Age
RankedLock teamsTeams togetherTeam positionsShared explorationLock speedFull tech treeHidden civsTurbo modeCheats
Victory
Defeat
🇱🇹 Burgundians · Lithuania
1029
+14
🇨🇳 Berbers · China
996
+14
🇩🇪 Franks · Germany
977
-37
🇩🇪 Magyars · Germany
977
-37
刚被警方控制
7:40 Loom
9:51 Feudal Age
15:44 Castle Age
14:07 Double-Bit Axe
16:14 Wheelbarrow
23:16 Pikeman
26:09 Hand Cart
28:39 Kasbah
28:35 Gold Mining
30:04 Bloodlines
30:02 Thumb Ring
31:02 Horse Collar
31:39 Husbandry
34:44 Imperial Age
33:11 Gold Shaft Mining
33:24 Heavy Plow
33:17 Stone Mining
33:42 Bow Saw
33:56 Fletching
34:08 Padded Archer Armor
34:31 Ballistics
37:42 Chemistry
38:17 Conscription
38:03 Heavy Camel Rider
40:05 Bodkin Arrow
40:16 Scale Barding Armor
40:27 Leather Archer Armor
40:53 Crop Rotation
41:02 Stone Shaft Mining
40:50 Siege Engineers
40:29 Treadmill Crane
40:50 Elite Camel Archer
41:51 Conscription
42:04 Chain Barding Armor
41:45 Bracer
41:57 Forging
42:05 Maghrebi Camels
42:48 Maghrebi Camels
42:55 Maghrebi Camels
44:55 Plate Barding Armor
56:04 Light Cavalry
57:16 Hussar
SimonTheAoENoob
10:27 Feudal Age
9:36 Double-Bit Axe
9:33 Horse Collar
17:56 Castle Age
16:56 Bow Saw
17:45 Loom
20:19 Wheelbarrow
19:30 Town Watch
25:56 Town Watch
26:33 Pikeman
31:06 Imperial Age
28:42 Gold Mining
29:09 Heavy Plow
29:23 Husbandry
31:38 Forging
31:34 Scale Barding Armor
32:49 Hand Cart
32:36 Town Patrol
33:45 Iron Casting
33:30 Chain Barding Armor
35:12 Two-Man Saw
35:29 Chain Barding Armor
34:35 Man-at-Arms
36:19 Gold Shaft Mining
35:37 Stone Mining
36:13 Conscription
35:48 Cavalier
39:21 Chemistry
40:54 Burgundian Vineyards
41:16 Halberdier
49:08 Caravan
52:16 Light Cavalry
RauchAffe
7:47 Loom
10:16 Feudal Age
10:58 Double-Bit Axe
15:10 Forging
20:12 Castle Age
19:06 Scale Barding Armor
22:03 Bow Saw
23:52 Gold Mining
25:06 Wheelbarrow
24:35 Stone Mining
26:01 Iron Casting
26:11 Chain Barding Armor
29:03 Hand Cart
31:26 Gold Shaft Mining
31:24 Husbandry
33:05 Town Watch
37:16 Imperial Age
37:47 Fletching
37:28 Cavalier
38:47 Plate Barding Armor
39:12 Blast Furnace
39:46 Conscription
40:05 Hoardings
38:53 Paladin
40:24 Town Patrol
40:39 Chivalry
40:36 Onager
44:59 Hoardings
44:47 Bodkin Arrow
44:53 Padded Archer Armor
45:03 Pikeman
45:44 Squires
45:32 Arson
45:51 Scale Mail Armor
45:36 Crossbowman
45:38 Elite Skirmisher
47:16 Chain Mail Armor
48:32 Hoardings
47:50 Halberdier
55:02 Capped Ram
56:28 Chivalry
58:21 Siege Engineers
59:16 Chemistry
60:52 Leather Archer Armor
61:08 Plate Mail Armor
62:27 Light Cavalry
B1LAL👻
7:37 Loom
10:12 Feudal Age
12:32 Double-Bit Axe
17:35 Bloodlines
19:19 Wheelbarrow
20:03 Horse Collar
23:23 Castle Age
21:42 Fletching
22:58 Stone Mining
24:16 Heavy Plow
25:18 Light Cavalry
25:22 Pikeman
25:58 Gold Mining
27:04 Thumb Ring
28:33 Hand Cart
28:23 Padded Archer Armor
35:06 Ballistics
38:43 Imperial Age
36:03 Town Watch
37:09 Murder Holes
37:42 Leather Archer Armor
39:55 Bow Saw
40:27 Parthian Tactics
39:25 Heavy Cavalry Archer
42:17 Two-Man Saw
42:44 Ring Archer Armor
44:23 Gold Shaft Mining
44:02 Scale Mail Armor
44:15 Halberdier
45:01 Recurve Bow
45:45 Elite Skirmisher
47:07 Bodkin Arrow
52:26 Corvinian Army
55:03 Chain Mail Armor
57:34 Bracer
Connection lost

Rejoining the realm…

Still unreachable

The connection could not be restored.

Session expired

The server has moved on; the page needs a fresh start.